AoeStats
← ACI ShaN

Arena

510440790Analyzed
4v4 RM · 2d ago on Oct 1, 2026· 41m 58s· 8 players
Game mode
Random Map
Map size
Large (8 player)
Population
200
Speed
Normal
Resources
Standard
Victory
Conquest
Starting age
Dark Age
Ending age
Imperial Age
RankedLock teamsTeams togetherTeam positionsShared explorationLock speedFull tech treeHidden civsTurbo modeCheats
Victory
Defeat
🇵🇪 Muisca · Peru
1298
+13
🇨🇱 Italians · Chile
1288
+13
🇵🇪 Persians · Peru
1251
+14
🇦🇷 Danes · Argentina
1222
+16
🇨🇴 Turks · Colombia
1335
-19
🇨🇴 Britons · Colombia
1205
-13
🇲🇽 Japanese · Mexico
1197
-13
🇺🇸 Poles · United States
1142
-11
Marlok
10:57 Feudal Age
14:43 Castle Age
13:57 Double-Bit Axe
14:20 Horse Collar
14:31 Gold Mining
21:53 Bow Saw
23:59 Heavy Plow
29:30 Imperial Age
27:31 Ballistics
28:16 Wheelbarrow
27:13 Crossbowman
27:56 Fletching
28:07 Padded Archer Armor
31:11 Gold Shaft Mining
31:10 Crop Rotation
31:41 Two-Man Saw
31:03 Bodkin Arrow
31:56 Hand Cart
31:29 Loom
31:54 Capped Ram
32:43 Bracer
32:50 Stone Mining
33:02 Arbalester
35:41 Chemistry
34:58 Leather Archer Armor
35:20 Thumb Ring
35:23 Huaracas
35:50 Scale Mail Armor
36:00 Forging
36:19 Elite Skirmisher
39:31 Town Watch
39:57 Herbalism
40:18 Conscription
41:21 Iron Casting
41:01 Chain Mail Armor
40:08 Champi Runner
41:06 Champi Warrior
41:07 Pikeman
41:47 Squires
41:56 Siege Engineers
pity.grillo26
8:28 Feudal Age
7:10 Loom
9:04 Double-Bit Axe
17:02 Fletching
17:26 Town Watch
24:54 Castle Age
23:07 Gold Mining
22:56 Man-at-Arms
24:22 Forging
24:34 Scale Mail Armor
26:26 Bodkin Arrow
38:23 Ballistics
42:15 Thumb Ring
chr0rk
10:45 Feudal Age
11:50 Double-Bit Axe
14:58 Castle Age
13:05 Horse Collar
15:55 Bow Saw
16:10 Heavy Plow
21:43 Gold Mining
24:47 Stone Mining
25:26 Loom
28:41 Imperial Age
26:35 Scale Barding Armor
26:40 Forging
27:23 Wheelbarrow
28:36 Chain Barding Armor
28:40 Bloodlines
28:30 Husbandry
29:58 Plate Barding Armor
28:45 Cavalier
30:24 Iron Casting
30:37 Hand Cart
31:57 Two-Man Saw
30:34 Capped Ram
31:02 Savar
33:08 Crop Rotation
33:40 Blast Furnace
32:41 Siege Ram
34:09 Gold Shaft Mining
35:28 Fletching
37:50 Town Watch
Eskarlata
10:52 Feudal Age
11:41 Double-Bit Axe
15:10 Castle Age
13:12 Horse Collar
17:16 Bow Saw
18:18 Loom
22:55 Wheelbarrow
22:51 Town Watch
24:51 Hand Cart
25:14 Scale Mail Armor
25:25 Forging
29:19 Imperial Age
27:14 Heavy Plow
27:07 Gold Mining
27:07 Stone Mining
27:31 Squires
27:16 Arson
27:53 Chain Mail Armor
29:20 Ballistics
29:12 Masonry
30:46 Iron Casting
30:41 Plate Mail Armor
31:34 Conscription
34:10 Blast Furnace
33:02 Fletching
35:16 Chemistry
33:57 Treadmill Crane
38:12 Crop Rotation
38:47 Two-Man Saw
40:14 Bodkin Arrow
41:43 Architecture
ACI Artanisx
8:25 Loom
10:27 Feudal Age
18:43 Fletching
21:08 Horse Collar
25:20 Castle Age
23:48 Gold Mining
23:57 Double-Bit Axe
24:35 Scale Mail Armor
26:57 Forging
28:10 Bow Saw
30:33 Chain Mail Armor
32:45 Heavy Plow
34:27 Masonry
36:57 Wheelbarrow
36:24 Town Watch
37:42 Padded Archer Armor
37:58 Fortified Wall
37:33 Elite Skirmisher
39:40 Gold Shaft Mining
ACI Kira_game
10:12 Feudal Age
14:47 Castle Age
13:04 Double-Bit Axe
14:06 Horse Collar
18:01 Wheelbarrow
22:53 Scale Barding Armor
23:38 Forging
26:02 Loom
27:04 Iron Casting
27:38 Szlachta Privileges
28:39 Bow Saw
32:13 Imperial Age
31:00 Bloodlines
30:22 Pikeman
32:19 Chain Barding Armor
32:21 Cavalier
34:05 Blast Furnace
34:50 Murder Holes
37:15 Conscription
37:59 Scale Mail Armor
ACI ShaN
11:41 Feudal Age
15:42 Castle Age
21:29 Imperial Age
18:48 Double-Bit Axe
21:32 Horse Collar
23:59 Padded Archer Armor
25:18 Heavy Plow
28:09 Wheelbarrow
31:19 Hand Cart
31:16 Bow Saw
34:07 Leather Archer Armor
35:08 Scale Barding Armor
35:14 Forging
36:14 Ring Archer Armor
37:19 Chain Barding Armor
37:36 Iron Casting
37:30 Gold Mining
38:53 Gold Shaft Mining
39:23 Two-Man Saw
38:15 Stone Mining
39:18 Bloodlines
39:09 Husbandry
40:38 Plate Barding Armor
ACI F0K 1sr4h3ll
11:16 Feudal Age
15:13 Castle Age
13:01 Double-Bit Axe
15:24 Horse Collar
16:06 Fletching
21:25 Loom
22:25 Wheelbarrow
22:07 Heavy Plow
25:44 Hand Cart
25:16 Town Watch
25:48 Bodkin Arrow
25:54 Padded Archer Armor
26:54 Scale Barding Armor
27:09 Town Patrol
28:31 Ballistics
32:57 Imperial Age
31:47 Murder Holes
31:17 Pikeman
32:15 Leather Archer Armor
32:00 Scale Mail Armor
32:11 Forging
33:57 Bracer
34:59 Chemistry
35:10 Ring Archer Armor
34:13 Halberdier
35:49 Chain Mail Armor
36:10 Iron Casting
Connection lost

Rejoining the realm…

Still unreachable

The connection could not be restored.

Session expired

The server has moved on; the page needs a fresh start.